AoeStats
← jphilkill

MegaRandom

505385074Analyzed
4v4 RM · 25d ago on Sep 9, 2026· 46m 44s· 8 players
Game mode
Random Map
Map size
Large (8 player)
Population
200
Speed
Normal
Resources
Standard
Victory
Conquest
Starting age
Dark Age
Ending age
Imperial Age
RankedLock teamsTeams togetherTeam positionsShared explorationLock speedFull tech treeHidden civsTurbo modeCheats
Victory
Defeat
🇮🇱 Vikings · Israel
1136
+11
🇧🇷 Magyars · Brazil
1134
+11
🇨🇳 Hindustanis · China
1006
+16
🇦🇺 Goths · Australia
948
+19
🇺🇸 Romans · United States
1036
-15
🇩🇪 Huns · Germany
1030
-15
🇺🇸 Byzantines · United States
1006
-14
🇺🇸 Malians · United States
978
-13
IEEE
9:06 Loom
11:25 Feudal Age
9:51 Loom
11:42 Feudal Age
14:15 Double-Bit Axe
17:24 Castle Age
18:43 Bow Saw
20:51 Horse Collar
22:59 Wheelbarrow
24:55 Hand Cart
25:50 Gold Mining
27:15 Stone Mining
29:25 Fletching
29:01 Elite Skirmisher
30:06 Pikeman
30:47 Squires
31:00 Bodkin Arrow
33:01 Ballistics
32:44 Padded Archer Armor
32:44 Scale Mail Armor
37:13 Imperial Age
36:52 Chain Mail Armor
38:33 Chain Mail Armor
39:09 Thumb Ring
40:53 Bracer
The HypnoToad
8:00 Loom
10:22 Feudal Age
11:33 Double-Bit Axe
15:39 Horse Collar
22:08 Wheelbarrow
24:58 Castle Age
24:16 Gold Mining
25:05 Demolition Ship
27:57 Fletching
34:15 Imperial Age
34:17 Heavy Camel Rider
34:58 Husbandry
35:08 Bloodlines
37:40 Tigui
37:36 Bodkin Arrow
38:00 Scale Barding Armor
38:06 Forging
38:26 Farimba
39:52 Heavy Demolition Ship
40:53 Cavalier
Sonhero1
2:02 Loom
11:08 Feudal Age
18:26 Castle Age
16:47 Double-Bit Axe
17:30 Gold Mining
17:28 Horse Collar
19:13 Wheelbarrow
18:21 Fishing Lines
20:54 Bow Saw
24:55 Stone Mining
25:18 Heavy Plow
25:45 Hand Cart
26:37 Town Watch
27:34 Gold Shaft Mining
27:55 Man-at-Arms
32:57 Imperial Age
31:32 Bloodlines
31:23 Husbandry
31:18 Long Swordsman
31:59 Squires
32:20 Pikeman
33:56 Forging
33:46 Scale Mail Armor
34:16 Scale Barding Armor
35:19 Iron Casting
36:05 Chain Mail Armor
36:15 Heavy Scorpion
37:46 Guilds
jphilkill
1:08 Loom
11:36 Feudal Age
16:47 Castle Age
15:35 Horse Collar
15:41 Double-Bit Axe
21:00 Gold Mining
21:00 Stone Mining
24:38 Wheelbarrow
30:38 Hand Cart
30:56 Elite Skirmisher
32:16 Pikeman
32:57 Squires
33:01 Scale Mail Armor
33:42 Scale Barding Armor
34:26 Bow Saw
38:20 Imperial Age
35:58 Heavy Plow
37:07 Forging
36:48 Fletching
36:59 Padded Archer Armor
38:23 Bloodlines
38:14 Husbandry
40:48 Gold Shaft Mining
41:17 Two-Man Saw
39:43 Cavalier
alwinmonteiro
8:26 Loom
11:06 Feudal Age
13:07 Double-Bit Axe
14:16 Bloodlines
14:31 Scale Barding Armor
14:36 Town Watch
16:51 Horse Collar
24:28 Castle Age
22:43 Gold Mining
24:26 Fletching
24:39 Padded Archer Armor
25:53 Bow Saw
25:07 Light Cavalry
29:08 Thumb Ring
29:57 Heavy Plow
30:19 Chain Barding Armor
29:56 Bodkin Arrow
30:16 Leather Archer Armor
34:34 Wheelbarrow
38:10 Hand Cart
38:56 Husbandry
38:55 Pikeman
39:21 Arson
40:39 Gold Shaft Mining
40:07 Stone Mining
49:28 Imperial Age
Konig
12:32 Feudal Age
13:12 Loom
13:13 Town Watch
14:43 Gold Mining
19:36 Castle Age
18:11 Double-Bit Axe
18:10 Horse Collar
18:14 Fishing Lines
21:27 Gillnets
21:53 Bow Saw
28:23 Scale Mail Armor
29:15 Forging
29:50 Stone Mining
30:48 Iron Casting
30:19 Squires
30:48 Masonry
31:41 Chain Mail Armor
37:06 Imperial Age
35:34 Fletching
35:49 Anarchy
35:31 Pikeman
36:18 Caravan
38:18 Conscription
39:05 Blast Furnace
38:01 Bodkin Arrow
37:46 Halberdier
40:17 Murder Holes
40:53 Architecture
40:58 Bracer
42:57 Stone Shaft Mining
vper1490
7:18 Loom
10:55 Feudal Age
13:05 Double-Bit Axe
13:06 Horse Collar
21:55 Castle Age
20:45 Gold Mining
23:33 Wheelbarrow
23:54 Bow Saw
24:51 Husbandry
25:01 Bloodlines
26:09 Padded Archer Armor
26:01 Fletching
31:25 Bodkin Arrow
35:15 Imperial Age
34:19 Heavy Plow
34:42 Ballistics
34:51 Leather Archer Armor
34:47 Thumb Ring
35:44 Hand Cart
35:18 Town Watch
36:37 Heavy Cavalry Archer
38:38 Gold Shaft Mining
37:54 Stone Mining
38:23 Town Patrol
39:26 Two-Man Saw
40:54 Ring Archer Armor
40:24 Bracer
39:54 Heavy Camel Rider
40:42 Scale Barding Armor
40:48 Forging
43:01 Chemistry
42:51 Siege Elephant
hanyok master
12:41 Feudal Age
13:48 Double-Bit Axe
14:10 Fishing Lines
14:39 Horse Collar
18:55 Castle Age
16:45 Loom
17:10 Fletching
17:48 Town Watch
18:28 Padded Archer Armor
19:38 Bodkin Arrow
20:34 Bow Saw
21:28 Leather Archer Armor
24:56 Gold Mining
24:57 Stone Mining
26:47 Ballistics
32:21 Imperial Age
30:50 Scale Mail Armor
31:01 Forging
31:06 Heavy Plow
31:21 Fortified Wall
31:22 Masonry
33:31 Conscription
33:34 Chieftains
33:41 Squires
33:27 Arson
34:36 Iron Casting
34:07 Elite Berserk
37:01 Blast Furnace
36:31 Chain Mail Armor
37:22 Chemistry
37:21 Town Patrol
39:21 Plate Mail Armor
40:24 Hoardings
39:20 Sappers
39:52 Bracer
40:35 Murder Holes
41:11 Architecture
40:27 Arrowslits
40:33 Guard Tower
Connection lost

Rejoining the realm…

Still unreachable

The connection could not be restored.

Session expired

The server has moved on; the page needs a fresh start.